 Dungeon Crawl Stone Soup version 0.30-a0-313-gae38170b09 (webtiles) character file.

Game seed: 12628498042316695522

3619 freelancePsychic the Grappler (level 9, -3/89 HPs)
             Began as a Troll Wanderer on Oct 27, 2022.
             Was a Believer of Ru.
             Slain by a manticore (8 damage)
             ... summoned by the darkness of Dithmenos
             ... on level 6 of the Dungeon.
             The game lasted 00:11:39 (6645 turns).

freelancePsychic the Grappler (Troll Wanderer)      Turns: 6645, Time: 00:11:40

Health: -3/89      AC:  6    Str: 23    XL:     9   Next: 86%
Magic:  0/11       EV:  8    Int:  6    God:    Ru [**....]
Gold:   422        SH: 10    Dex: 20    Spells: 11/12 levels left

rFire   . . .      SeeInvis .      - Unarmed
rCold   + . .      Faith    .    x - +0 kite shield
rNeg    . . .      Spirit   +    t - +2 robe {Will+}
rPois   .          Reflect  .    (helmet restricted)
rElec   .          Harm     .    (no cloak)
rCorr   .          Rampage  .    (gloves unavailable)
Will    +....                    (boots unavailable)
Stlth   ++........               f - amulet of guardian spirit
HPRegen 1.14/turn                j - ring of protection from cold
MPRegen 0.12/turn                a - +6 ring of dexterity

@: studying Air Magic, unable to drink
A: large, unfitting armour, claws 3, regeneration 1, shaggy fur 1, tough skin 1,
inability to drink after injury 2, no earth magic, no hexes magic, no necromancy
magic
a: Renounce Religion


You were on level 6 of the Dungeon.
You worshipped Ru.
Ru was pleased with you.
You visited 2 branches of the dungeon, and saw 9 of its levels.
You also visited: Bailey.

You collected 464 gold pieces.
You spent 42 gold pieces at shops.

Inventory:

Missiles
 h - 6 boomerangs (quivered)
 z - 11 stones
Armour
 d - a +1 robe
 t - a +2 robe of willpower (worn)
 x - a +0 kite shield (worn)
Jewellery
 a - a +6 ring of dexterity (right claw)
 f - an amulet of guardian spirit (around neck)
 j - a ring of protection from cold (left claw)
 s - a ring of positive energy
Wands
 A - a wand of flame (4)
Scrolls
 e - a scroll of butterflies
 g - a scroll of magic mapping
 k - a scroll of poison {unknown}
 l - 4 scrolls of enchant armour
 o - a scroll of amnesia {unknown}
 p - a scroll of torment
 w - a scroll of brand weapon {unknown}
 y - a scroll of vulnerability {unknown}
Potions
 b - 3 potions of attraction
 i - 3 potions of lignification
 m - 4 potions of brilliance {unknown}
 n - 2 potions of haste {unknown}
 q - a potion of ambrosia {unknown}
 r - a potion of heal wounds {unknown}
 u - 2 potions of curing {unknown}
 v - a potion of might {unknown}


   Skills:
 + Level 6.1 Fighting
 - Level 4.3 Throwing
 - Level 1.0 Dodging
 + Level 4.3 Shields
 * Level 10.0 Unarmed Combat
 - Level 2.0 Spellcasting
 - Level 2.9 Poison Magic


You had 11 spell levels left.
You knew the following spells:

 Your Spells              Type           Power      Damage    Failure   Level
a - Sting                 Tmut/Pois      8%         1d3       45%         1

Your spell library contained the following spells:

 Spells                   Type           Power      Damage    Failure   Level
 Ignite Poison            Fire/Tmut/Pois 1%         N/A       88%         3
 Olgreb's Toxic Radiance  Pois           4%         N/A       95%         4
 Kiss of Death            Conj/Necr      Unusable   2d5       N/A         1
 Sandblast                Erth           Unusable   2d4       N/A         1
 Passwall                 Tmut/Erth      Unusable   N/A       N/A         2
 Stone Arrow              Conj/Erth      Unusable   3d7       N/A         3
 Dispel Undead            Necr           Unusable   3d6       N/A         4

Dungeon Overview and Level Annotations

Branches:
Dungeon (8/15)             Temple (1/1) D:7          Bailey (visited)
   Lair: D:8-11

Altars:
Ashenzari
Cheibriados
Dithmenos
Elyvilon
Fedhas
Gozag
Hepliaklqana
Kikubaaqudgha
Nemelex Xobeh
Okawaru
Qazlal
Ru
Sif Muna
Trog
Vehumet
Wu Jian
Xom
Yredelemnul
Zin
The Shining One

Shops:
D:2 (   D:4 [   D:7 [


Innate Abilities, Weirdness & Mutations

You are too large for most types of armour.
You have claws for hands.
Your natural rate of healing is unusually fast.
You are covered in fur. (AC +1)
You have tough skin. (AC +1)
You sometimes lose the ability to drink potions when taking damage.
You cannot study or cast Earth magic.
You cannot study or cast Hexes magic.
You cannot study or cast Necromancy magic.


Message History

You destroy the shadow!
That felt strangely unrewarding.
No target in view!
You start resting.
HP restored.
Dithmenos weaves monsters from the shadows.
You mangle the wolf spider simulacrum!!
The wolf spider simulacrum is severely damaged.
You scratch the wolf spider simulacrum.
The wolf spider simulacrum is severely damaged.
The wolf spider simulacrum hits you! The wolf spider simulacrum freezes you!
You resist. The wolf spider simulacrum bites you.
The wolf spider simulacrum freezes you. You resist.
You claw the wolf spider simulacrum!
The wolf spider simulacrum is almost destroyed.
The manticore bites you!
You feel threatened and lose the ability to drink potions!
You block the manticore's attack. The manticore claws you.
You block the centaur warrior's attack.
The centaur warrior kicks you but does no damage.
The wolf spider simulacrum barely misses you.
The wolf spider simulacrum bites you. The wolf spider simulacrum freezes you!
You resist.
You scratch the wolf spider simulacrum.
The wolf spider simulacrum vaporises!
You redirect the centaur warrior's attack!
The centaur warrior hits the manticore.
The centaur warrior kicks the manticore.
The manticore closely misses you. The manticore claws you.
You block the manticore's attack. The centaur warrior hits you!
* * * LOW HITPOINT WARNING * * *
You focus your inner power and illuminate the centaur warrior in retribution!
The centaur warrior kicks you but does no damage.
You cannot drink potions in your current state!
You scratch the manticore but do no damage.
The manticore is lightly wounded.
The manticore bites you!!
* * * LOW HITPOINT WARNING * * *
The manticore claws you!
You die...

........ ##...).......#
.......# #####.............
.#######
######................. ##
#####.......#####..........
#######.......##.##
#..........
##........#####...##
##......... ).....##.##
##....# ##........
.[#......# #..Hc.#
###...... .........#
#..@°## ##..... .........#
#.#### ###... .........#
### ###. .........# #.
........## #. ..#......###
#. .##........### ##
.###.........### # ##
#...###.....##### ##


You could see a centaur warrior (summoned, corona) and a manticore (summoned).

Vanquished Creatures
  Grinder (D:6)
  2 shadows (D:6)
  Sigmund (D:6)
  3 yaks (D:8)
  2 humans (Bailey)
  2 water moccasins (D:6)
  3 orc warriors
  2 black bears
  A sky beast (D:6)
  4 ice beasts
  2 ogres
  3 centaurs
  A phantom (D:6)
  A gnoll sergeant (D:6)
  A bullfrog (Bailey)
  A scorpion (D:6)
  3 killer bees (D:8)
  3 hounds
  2 orc priests (D:8)
  3 iguanas
  8 orc wizards
  5 gnolls
  8 adders
  2 worms
  A dart slug (D:1)
  35 orcs
  3 ball pythons
  9 bats
  7 endoplasms
  3 giant cockroaches (D:3)
  7 hobgoblins
  12 jackals
  5 kobolds
  5 quokkas
  12 goblins
  4 rats
167 creatures vanquished.

Vanquished Creatures (others)
  3 plants (D:5)
3 creatures vanquished.

Grand Total: 170 creatures vanquished

Notes
Turn   | Place    | Note
-------+----------+-------------------------------------------
     0 | D:1      | freelancePsychic the Troll Wanderer began the quest for the
                  | Orb.
     0 | D:1      | freelancePsychic set off with the following items: a +0
                  | club, a potion of attraction, a scroll of blinking, a +0
                  | robe, a scroll of butterflies; and the following spell
                  | memorised: Sting; and the following spells available to
                  | memorise: Ignite Poison, Olgreb's Toxic Radiance.
     0 | D:1      | Reached XP level 1. HP: 19/19 MP: 2/2
   123 | D:1      | Reached skill level 1 in Unarmed Combat
   123 | D:1      | Reached XP level 2. HP: 24/28 MP: 2/4
   810 | D:2      | Reached skill level 1 in Throwing
   810 | D:2      | Reached XP level 3. HP: 33/35 MP: 3/5
   875 | D:2      | Reached skill level 2 in Unarmed Combat
  1156 | D:2      | Found Coghuq's Weapon Shop.
  1164 | D:2      | Bought 6 boomerangs for 42 gold pieces
  1444 | D:2      | Found a faded altar of an unknown god.
  1447 | D:2      | Prayed at the altar of an unknown god.
  1447 | D:2      | Became a worshipper of Dithmenos the Shadowed
  1447 | D:2      | Reached * piety under Dithmenos
  1747 | D:3      | Reached XP level 4. HP: 42/42 MP: 2/6
  1822 | D:3      | Found an ancient bone altar of Kikubaaqudgha.
  2051 | D:3      | Reached ** piety under Dithmenos
  2270 | D:3      | Found a sparkling altar of Nemelex Xobeh.
  2739 | D:4      | Found Weoxiy's Antique Armour Emporium.
  2750 | D:4      | Reached skill level 3 in Unarmed Combat
  2766 | D:4      | Found a sacrificial altar of Ru.
  2777 | D:4      | Noticed a centaur
  2786 | D:4      | Fell from the grace of Dithmenos
  2786 | D:4      | Became a worshipper of Ru the Awakened
  2801 | D:4      | Reached XP level 5. HP: 50/50 MP: 7/7
  2928 | D:4      | Noticed a centaur
  2933 | D:4      | Killed a centaur
  2941 | D:4      | Killed a centaur
  2942 | D:4      | Reached skill level 4 in Unarmed Combat
  2942 | D:4      | Reached XP level 6. HP: 29/61 MP: 3/8
  3264 | D:4      | Noticed a shadow
  3264 | D:4      | Noticed a shadow demon
  3264 | D:4      | Noticed a shadow demon
  3264 | D:4      | Noticed a shadow
  3280 | D:5      | Entered Level 5 of the Dungeon
  3314 | D:5      | Reached skill level 5 in Unarmed Combat
  3388 | D:5      | Reached XP level 7. HP: 60/67 MP: 7/9
  3510 | D:5      | Gained mutation: You occasionally lose the ability to drink
                  | potions when taking damage. [Ru sacrifice]
  3510 | D:5      | Gained mutation: You sometimes lose the ability to drink
                  | potions when taking damage. [Ru sacrifice]
  3510 | D:5      | Reached * piety under Ru
  3916 | D:5      | Reached skill level 6 in Unarmed Combat
  4134 | D:6      | Found a stormy altar of Qazlal.
  4154 | D:6      | Reached XP level 8. HP: 64/78 MP: 8/10
  4288 | D:6      | Noticed Grinder
  4541 | D:6      | Got the Lectures on Unholy Secrets
  4608 | D:6      | Paralysed by Grinder for 5 turns
  4620 | D:6      | Paralysed by Grinder for 3 turns
  4627 | D:6      | Reached skill level 7 in Unarmed Combat
  4627 | D:6      | Killed Grinder
  4628 | D:6      | Reached skill level 1 in Shields
  4773 | D:6      | Noticed Sigmund
  4779 | D:6      | Killed Sigmund
  4970 | D:6      | Reached skill level 8 in Unarmed Combat
  5047 | D:6      | Reached skill level 5 in Fighting
  5206 | D:6      | Noticed a centaur warrior
  5206 | D:6      | Noticed a boulder beetle
  5249 | D:6      | Reached XP level 9. HP: 51/88 MP: 5/11
  5464 | D:7      | Found a flagged portal.
  5475 | Bailey   | Entered a bailey
  5508 | Bailey   | Reached skill level 9 in Unarmed Combat
  5599 | D:7      | Found a snail-covered altar of Cheibriados.
  5600 | D:7      | Gained mutation: You cannot study or cast Earth magic. [Ru
                  | sacrifice]
  5600 | D:7      | Gained mutation: You cannot study or cast Hexes magic. [Ru
                  | sacrifice]
  5600 | D:7      | Gained mutation: You cannot study or cast Necromancy magic.
                  | [Ru sacrifice]
  5600 | D:7      | Reached ** piety under Ru
  5750 | D:7      | Found a staircase to the Ecumenical Temple.
  5758 | Temple   | Entered the Ecumenical Temple
  6001 | D:7      | Found Hadad-Baal's Dragon-Slaying Spoils.
  6220 | D:7      | Found a shimmering blue altar of Sif Muna.
  6525 | D:8      | Reached skill level 10 in Unarmed Combat
  6560 | D:7      | Noticed a shadow demon
  6560 | D:7      | Noticed a shadow demon
  6560 | D:7      | Noticed a shadow demon
  6641 | D:6      | Noticed a centaur warrior
  6641 | D:6      | Noticed a manticore
  6645 | D:6      | Slain by a manticore

Illustrated notes

Levels and vault maps discovered:
D:1:      dpeg_arrival_windows_large_door, layout_basic
D:2:      layout_basic, shapermc_ecumenical_altar_mp_vishouse, serial_shops,
          nicolae_shop_stone, kennysheep_generic_room_15
D:3:      layout_basic, nemelex_dance_club_becter, mainiacjoe_overflow_brackets,
          serial_co_window_serial, co_window_paths_b, co_window_paths_a,
          co_window_corner_a, co_window_cross_1, co_window_paths_a,
          co_window_cross_4, co_window_2corner, co_window_of_opportunity_c,
          co_window_2corner, glass_columns_b
D:4:      layout_basic, nicolae_uskayaw_dance_hall, nicolae_ru_awakened_eye,
          serial_shops, nicolae_stop_n_shop_2, serial_glass, glass_columns_a,
          glass_columns_a, minmay_strange_pillars, minmay_strange_pillars,
          item_on_display_a, chequers_serial_rivers_room_a, minmay_manual_mares
D:5:      layout_loops_cross, serial_bayou, serial_bayou_pond_b,
          serial_bayou_shore_b, serial_bayou_lagoon_a, serial_bayou_shore_a,
          minmay_splitting_lines, kennysheep_decorative_pillar
D:6:      layout_cave_pods, mainiacjoe_overflow_concentric_impassable,
          uniq_sigmund, uniq_grinder
D:7:      layout_basic, mainiacjoe_overflow_tiny_flanked, lemuel_doored_altar,
          minmay_temple_entry_glassed_door, enter_bailey_3,
          nicolae_shop_dragon_depot
D:8:      minmay_the_grid_square_5x5_3x3
          [minmay_the_grid_square_5x5_intrusive_squares,
          minmay_the_grid_square_5x5_seven,
          minmay_the_grid_square_5x5_two_walls_b,
          minmay_the_grid_square_5x5_inverted_slash,
          minmay_the_grid_square_5x5_megaprize_hollow,
          minmay_the_grid_square_5x5_tetrominoes,
          minmay_the_grid_square_5x5_trominoes, minmay_the_grid_square_5x5_tie,
          minmay_the_grid_square_5x5_sharp_hourglass], layout_loops_ring,
          ebering_dispersal_statue_hall, grunt_decor_resistance, uniq_erica,
          uniq_joseph, uniq_prince_ribbit1
Temple:   eino_temple_water

Skill      XL: |  1  2  3  4  5  6  7  8  9 |
---------------+----------------------------+-----
Unarmed Combat | 1 2 3 4 5 6 8 10 | 10.0
Fighting       | 2 3 4 5 6 |  6.1
Throwing       | 1 2 3 4 |  4.3
Shields        | 2 4 |  4.3
Dodging        | |  1.0
Spellcasting   | |  2.0
Poison Magic   | |  2.9

Action                   |  1- 3 |  4- 6 |  7- 9 || total
-------------------------+-------+-------+-------++-------
Melee: Unarmed           |   103 |   175 |   291 ||   569
       Punch             |     1 |     4 |     4 ||     9
Throw: Boomerang         |       |       |     8 ||     8
Invok: Sacrifice Drink   |       |       |     1 ||     1
       Sacrifice Arcana  |       |       |     1 ||     1
  Use: Scroll            |     4 |     3 |     7 ||    14
       Potion            |       |       |     1 ||     1
 Stab: Sleeping          |       |     4 |     1 ||     5
       Distracted        |       |       |     1 ||     1
Armor: Robe              |    39 |    57 |    77 ||   173
       Skin              |       |       |    10 ||    10
Dodge: Dodged            |    54 |   109 |    88 ||   251
Block: Kite shield       |       |       |    75 ||    75

Table legend: (Time is in decaauts)
 A = Elapsed time spent in this place.
 B = Non-inter-level travel time spent in this place.
 C = Inter-level travel time spent in this place.
 D = Time resting spent in this place.
 E = Time spent auto-exploring this place.
 F = Levels seen in this place.
 G = Mean time per level.
                   A        B        C        D        E       F      G
               +--------+--------+--------+--------+--------+-----+--------+
         Total |   6661 |   6227 |    434 |    254 |   4667 |  10 |  666.1 |
       Dungeon |   6484 |   6065 |    419 |    205 |   4615 |   8 |  810.5 |
        Temple |    126 |    111 |     15 |     49 |     41 |   1 |  126.0 |
        Bailey |     50 |     50 |      0 |      0 |     11 |   1 |   50.0 |
               +--------+--------+--------+--------+--------+-----+--------+

Top non-repeatable levels by time:
     D:3: 1267 daAuts
     D:6: 1180 daAuts
     D:5: 1001 daAuts
     D:7: 951 daAuts
     D:2: 736 daAuts
     D:1: 728 daAuts
     D:4: 534 daAuts
  Temple: 126 daAuts
     D:8: 85 daAuts
  Bailey: 50 daAuts
